 Dungeon Sprint DCSS version 0.30-a0-123-g91d0c66ccf (webtiles) character file.

Game seed: 13830468959441137821

5450 mhtbhm the Earth Mage (level 10, -2/53 HPs)
             Began as a Gargoyle Earth Elementalist on Sept 17, 2022.
             Was the Champion of Vehumet.
             Slain by Donald
             ... wielding a +1 war axe of holy wrath
              (20 damage)
             ... in the Dungeon (Sprint III: "The Ten Rune Challenge").
             The game lasted 00:06:33 (1662 turns).

mhtbhm the Earth Mage (Gargoyle Earth Elementalist) Turns: 1662, Time: 00:06:34

Health: -2/53      AC: 11    Str: 11    XL:     10   Next: 68%
Magic:  19/28      EV: 13    Int: 21    God:    Vehumet [******]
Gold:   1890       SH:  0    Dex: 10    Spells: 21/38 levels left

rFire   . . .      SeeInvis .    (no weapon)
rCold   . . .      Faith    .    (no shield)
rNeg    + + .      Spirit   .    a - +2 robe {rN+}
rPois   ∞          Reflect  .    (no helmet)
rElec   +          Harm     .    (no cloak)
rCorr   .          Rampage  .    (no gloves)
Will    .....      NoTele   +    (no boots)
Stlth   ++........               (no amulet)
HPRegen 0.17/turn                (no ring)
MPRegen 0.21/turn                (no ring)

@: no status effects
A: sickness immunity, AC +7, negative energy resistance 1, electricity
resistance, torment resistance 1, petrification resistance
a: Renounce Religion


You were in the Dungeon.
You worshipped Vehumet.
Vehumet was exalted by your worship.
You visited 1 branch You collected 1890 gold pieces.

Inventory:

Armour
 a - a +2 robe of positive energy (worn)
Scrolls
 h - a scroll of summoning {unknown}
 j - a scroll of immolation {unknown}
 k - 3 scrolls of identify
 n - a scroll of poison {unknown}
Potions
 b - 2 potions of magic
 c - a potion of curing
 f - 2 potions of berserk rage
 i - 3 potions of mutation {unknown}
 l - a potion of attraction {unknown}
 m - 3 potions of flight
Miscellaneous
 e - a phial of floods


   Skills:
 + Level 2.2 Fighting
 + Level 4.7 Dodging
 + Level 4.3 Stealth
 + Level 14.7 Spellcasting
 + Level 7.5 Conjurations
 + Level 0.8 Transmutations
 + Level 0.7 Fire Magic
 + Level 0.9 Air Magic
 + Level 19.0 Earth Magic
 + Level 2.2 Poison Magic
 + Level 3.4 Evocations


You had 21 spell levels left.
You knew the following spells:

 Your Spells              Type           Power      Damage    Failure   Level
a - Sandblast             Erth           100%       2d20      0%          1
b - Passwall              Tmut/Erth      45%        N/A       1%          2
c - Stone Arrow           Conj/Erth      100%       3d13      1%          3
d - Petrify               Tmut/Erth      54%        N/A       1%          4
e - Mephitic Cloud        Conj/Pois/Air  30%        N/A       1%          3
f - Flame Wave            Conj/Fire      33%        2d10      1%          4

Your spell library contained the following spells:

 Spells                   Type           Power      Damage    Failure   Level
 Starburst                Conj/Fire      16%        6d6       28%         6
 Confusing Touch          Hex            15%        N/A       12%         3
 Yara's Violent Unravell  Hex/Tmut       8%         3d5       24%         5
 Enfeeble                 Hex            7%         N/A       100%        7


Dungeon Overview and Level Annotations

Branches:
Dungeon (1/1)

Altars:
Cheibriados
Dithmenos
Elyvilon
Fedhas
Gozag
Hepliaklqana
Kikubaaqudgha
Makhleb
Nemelex Xobeh
Okawaru
Qazlal
Ru
Sif Muna
Trog
Uskayaw
Vehumet
Wu Jian
Xom
Yredelemnul
Zin
The Shining One
Jiyva
Lugonu

Shops:
D *

Annotations:
D Donald, Frances


Innate Abilities, Weirdness & Mutations

You are immune to sickness and miasma.
Your stone body is resilient. (AC +7)
You are immune to poison.
You resist negative energy. (rN+)
You are resistant to electric shocks. (rElec)
You are resistant to unholy torment.
You are immune to petrification.


Message History

Aiming: Mephitic Cloud (safe; 1% risk of failure)
Press: ? - help, Shift-Dir - straight line, f - Donald
Aim: Donald, wielding a +1 war axe of holy wrath, wearing a +0 scale mail and wearing a +0 kite shield of reflection (reflecting blocked projectiles, chance to affect: 34%)
The ball explodes into a vile cloud!
The stinking cloud engulfs Donald but does no damage.
The stinking cloud engulfs Frances but does no damage.
Frances is engulfed in noxious fumes.
Donald is engulfed in noxious fumes.
Donald gestures wildly while chanting.
Donald seems to speed up.
Unknown command.
Unknown command.
Press: ? - help, v - describe, . - travel
Here: Donald, wielding a +1 war axe of holy wrath, wearing a +0 scale mail and wearing a +0 kite shield of reflection (noxious fumes, fast, reflecting blocked projectiles)
An open door.
Casting: Mephitic Cloud (safe; 1% risk of failure)
Confirm with . or Enter, or press ? or * to list all spells.
Okay, then.
Casting: Mephitic Cloud (safe; 1% risk of failure)
Confirm with . or Enter, or press ? or * to list all spells.
Casting: Flame Wave (dangerous; 1% risk of failure)
Press: ? - help, Dir - look around, f - activate A wave of flame ripples out! (Press . to intensify the flame waves.) Donald is engulfed in noxious fumes.
Donald appears confused.
Frances is engulfed in noxious fumes.
Frances appears confused.
Donald is engulfed in noxious fumes.
Donald appears confused.
Donald hits you with a +1 war axe of holy wrath!!
A wave of flame ripples out!
The flame wave engulfs Donald!
Donald is lightly wounded.
Donald is engulfed in noxious fumes.
Donald hits you but does no damage.
Donald barely misses himself.
A wave of flame ripples out!
The flame wave engulfs Donald but does no damage.
Donald is lightly wounded.
You smell burning wood.
The flame wave engulfs the plant!
The plant begins to die.
The plant is lightly damaged.
Donald is engulfed in noxious fumes.
Donald appears confused.
Donald hits you with a +1 war axe of holy wrath!!
You die...

#.##.#.#.#
#'#####################
#.)..#.#.#.....#..^^..+
##.#..#.##.###.#......#
'##.#.#.##)#.)##.^....#
#.).#..#..##..'.....^.#
▓▓▓▓▓▓▓▓▓▓▓▓▓▓#.^.....#
........~~~...#^......#
≈≈≈≈≈≈≈≈≈≈♣♣P.'^@.^.^.#
♣♣♣♣♣♣♣♣♣♣♣♣PP#.@....^#
♣♣♣##'###### ○°. #.@.#
#...# #####


You could see Frances (confused) and Donald (fast, confused, reflecting).

Vanquished Creatures
  Erolcha (D)
  3 orc high priests (D)
  A deep elf pyromancer (D)
  3 wandering mushrooms (D)
  A shadow (D)
  2 redbacks (D)
  A spatial vortex (D)
  3 orc warriors (D)
  4 two-headed ogres (D)
  A necrophage (D)
  A water elemental (D)
  A jelly (D)
  An orc priest (D)
  A wizard (D)
  Jessica (D)
  3 orc wizards (D)
  A necromancer (D)
  A kobold demonologist (D)
  3 humans (D)
  A wolf (D)
  8 orcs (D)
  An endoplasm (D)
  2 rats (D)
45 creatures vanquished.

Vanquished Creatures (others)
  A two-headed ogre (D)
1 creature vanquished.

Grand Total: 46 creatures vanquished

Notes
Turn   | Place    | Note
-------+----------+-------------------------------------------
     0 | D        | mhtbhm the Gargoyle Earth Elementalist began the quest for
                  | the Orb.
     0 | D        | Reached XP level 1. HP: 10/10 MP: 3/3
     3 | D        | Reached skill level 4 in Earth Magic
    33 | D        | Noticed Jessica
    39 | D        | Killed Jessica
    40 | D        | Reached skill level 6 in Earth Magic
    40 | D        | Reached XP level 2. HP: 13/15 MP: 3/6
    40 | D        | Reached XP level 3. HP: 17/19 MP: 3/7
    91 | D        | Learned a level 2 spell: Passwall
    95 | D        | Learned a level 3 spell: Stone Arrow
   114 | D        | Reached skill level 7 in Earth Magic
   169 | D        | Reached XP level 4. HP: 18/24 MP: 6/9
   313 | D        | Learned a level 4 spell: Petrify
   316 | D        | Noticed a water elemental
   321 | D        | Killed a water elemental
   322 | D        | Reached skill level 9 in Earth Magic
   322 | D        | Reached XP level 5. HP: 27/28 MP: 4/12
   380 | D        | Found a radiant altar of Vehumet.
   380 | D        | Found a shimmering blue altar of Sif Muna.
   380 | D        | Found an ancient bone altar of Kikubaaqudgha.
   382 | D        | Reached skill level 5 in Spellcasting
   384 | D        | Reached skill level 10 in Earth Magic
   406 | D        | Became a worshipper of Vehumet
   477 | D        | Found a basalt altar of Yredelemnul.
   477 | D        | Found a shadowy altar of Dithmenos.
   477 | D        | Found a sacrificial altar of Ru.
   481 | D        | Reached skill level 11 in Earth Magic
   481 | D        | Reached XP level 6. HP: 29/32 MP: 10/15
   513 | D        | Found a glowing silver altar of Zin.
   513 | D        | Found a glowing golden altar of the Shining One.
   513 | D        | Found a white marble altar of Elyvilon.
   513 | D        | Noticed a deep elf pyromancer
   516 | D        | Noticed a fire elemental
   516 | D        | Noticed a fire elemental
   693 | D        | Killed a deep elf pyromancer
   693 | D        | Reached * piety under Vehumet
   693 | D        | Offered knowledge of Shock by Vehumet.
   694 | D        | Reached skill level 1 in Fighting
   694 | D        | Reached skill level 13 in Earth Magic
   694 | D        | Reached XP level 7. HP: 38/38 MP: 10/19
   808 | D        | Found a hide-covered altar of Uskayaw.
   808 | D        | Found an iron altar of Okawaru.
   808 | D        | Found a bloodstained altar of Trog.
   808 | D        | Found an ornate altar of the Wu Jian Council.
   808 | D        | Noticed a human
   808 | D        | Noticed a human
   813 | D        | Killed a human
   814 | D        | Reached skill level 14 in Earth Magic
   814 | D        | Killed a human
   815 | D        | Reached skill level 10 in Spellcasting
   815 | D        | Reached skill level 1 in Conjurations
   815 | D        | Reached XP level 8. HP: 36/43 MP: 16/22
   868 | D        | Noticed a shadow
   870 | D        | Killed a shadow
   870 | D        | Reached ** piety under Vehumet
   871 | D        | Reached skill level 15 in Earth Magic
   873 | D        | Offered knowledge of Freeze by Vehumet.
   893 | D        | Found a blossoming altar of Fedhas.
   893 | D        | Found a stormy altar of Qazlal.
   893 | D        | Found a snail-covered altar of Cheibriados.
   893 | D        | Found a burning altar of Makhleb.
   893 | D        | Found a shimmering altar of Xom.
   894 | D        | Found a hazy altar of Hepliaklqana.
   894 | D        | Found an opulent altar of Gozag.
   894 | D        | Found a sparkling altar of Nemelex Xobeh.
   894 | D        | Found a corrupted altar of Lugonu.
   894 | D        | Found a viscous altar of Jiyva.
   940 | D        | Reached *** piety under Vehumet
  1058 | D        | Noticed a two-headed ogre
  1062 | D        | Killed a two-headed ogre
  1062 | D        | Offered knowledge of Mephitic Cloud by Vehumet.
  1063 | D        | Reached skill level 16 in Earth Magic
  1063 | D        | Reached skill level 1 in Evocations
  1067 | D        | Learned a level 3 spell: Mephitic Cloud
  1131 | D        | Noticed Erolcha
  1132 | D        | Noticed a two-headed ogre
  1136 | D        | Killed Erolcha
  1136 | D        | Offered knowledge of Flame Wave by Vehumet.
  1137 | D        | Reached XP level 9. HP: 37/48 MP: 17/25
  1139 | D        | Killed a two-headed ogre
  1140 | D        | Reached skill level 17 in Earth Magic
  1140 | D        | Reached skill level 1 in Poison Magic
  1206 | D        | Learned a level 4 spell: Flame Wave
  1211 | D        | Reached **** piety under Vehumet
  1222 | D        | Offered knowledge of Arcjolt by Vehumet.
  1234 | D        | Noticed a wandering mushroom
  1238 | D        | Noticed a wandering mushroom
  1242 | D        | Killed a wandering mushroom
  1244 | D        | Noticed a wandering mushroom
  1250 | D        | Killed a wandering mushroom
  1256 | D        | Killed a wandering mushroom
  1257 | D        | Reached skill level 5 in Conjurations
  1257 | D        | Reached XP level 10. HP: 53/53 MP: 3/27
  1419 | D        | Reached ***** piety under Vehumet
  1419 | D        | Offered knowledge of Starburst by Vehumet.
  1436 | D        | Noticed an orc high priest
  1437 | D        | Noticed an orc high priest
  1439 | D        | Noticed an orange demon
  1443 | D        | Killed an orc high priest
  1444 | D        | Reached skill level 18 in Earth Magic
  1446 | D        | Killed an orc high priest
  1450 | D        | Noticed an orc high priest
  1454 | D        | Killed an orc high priest
  1455 | D        | Reached skill level 19 in Earth Magic
  1455 | D        | Reached ****** piety under Vehumet
  1458 | D        | Found Neqen's Assorted Antiques.
  1655 | D        | Noticed Donald
  1655 | D        | Noticed Frances
  1662 | D        | Slain by Donald

Illustrated notes

Levels and vault maps discovered:
D:        dungeon_sprint_mu [sprint_mu_entry_forest, sprint_mu_temple_rooms,
          sprint_mu_d1_spiders, sprint_mu_d2_genie, sprint_mu_d3_branching,
          sprint_mu_orc_legion, sprint_mu_elf_gauntlet, sprint_mu_hive_nellie,
          sprint_mu_lair_fedhas, sprint_mu_vaults_butterflies,
          sprint_mu_slime_circle, sprint_mu_swamp_cave, sprint_mu_snake_twists,
          sprint_mu_blade_basic, sprint_mu_crypt_lich, sprint_mu_tomb_spiral,
          sprint_mu_vestibule_basic, sprint_mu_gehenna_hellfire,
          sprint_mu_dis_giant, sprint_mu_tartarus_statrot,
          sprint_mu_cocytus_islands, sprint_mu_zot1]

Skill      XL: |  1  2  3  4  5  6  7  8  9 10 |
---------------+-------------------------------+-----
Earth Magic    | 6 7 9 11 13 14 16 17 19 | 19.0
Dodging        | 2 3 4 |  4.7
Spellcasting   | 3 4 6 9 10 12 13 14 | 14.7
Stealth        | 3 4 |  4.3
Fighting       | 1 2 |  2.2
Conjurations   | 1 3 5 7 |  7.5
Evocations     | 2 3 |  3.4
Poison Magic   | 1 2 |  2.2
Transmutations | |  0.8
Fire Magic     | |  0.7
Air Magic      | |  0.9

Action                   |  1- 3 |  4- 6 |  7- 9 | 10-12 || total
-------------------------+-------+-------+-------+-------++-------
 Cast: Sandblast         |    14 |    14 |    14 |     7 ||    49
       Stone Arrow       |       |     2 |    26 |     8 ||    36
       Mephitic Cloud    |       |       |     2 |     2 ||     4
       Passwall          |       |       |       |     5 ||     5
       Flame Wave        |       |       |       |     3 ||     3
Evoke: Wand              |       |       |     5 |       ||     5
       Phial of floods   |       |       |     1 |       ||     1
  Use: Potion            |     1 |     1 |     1 |     1 ||     4
       Scroll            |       |       |     1 |       ||     1
Armor: Robe              |     2 |     3 |     1 |     5 ||    11
Dodge: Dodged            |     4 |     2 |     9 |     3 ||    18

Table legend: (Time is in decaauts)
 A = Elapsed time spent in this place.
 B = Non-inter-level travel time spent in this place.
 C = Inter-level travel time spent in this place.
 D = Time resting spent in this place.
 E = Time spent auto-exploring this place.
 F = Levels seen in this place.
 G = Mean time per level.
                   A        B        C        D        E       F      G
               +--------+--------+--------+--------+--------+-----+--------+
         Total |   1672 |   1672 |      0 |    998 |     55 |   1 | 1672.0 |
       Dungeon |   1672 |   1672 |      0 |    998 |     55 |   1 | 1672.0 |
               +--------+--------+--------+--------+--------+-----+--------+

Top non-repeatable levels by time:
       D: 1672 daAuts
